Map: Curious Minds LE

Players

SLicKcHeeZEE - Winner!

  • Race: Zerg Zerg
  • League: Bronze

A.I. 1 (Medium)

  • Race: Terran Terran

VOD

Have the link to the VOD?

Description

Time

  • Played on: Sept. 19, 2026, 6:56 a.m.
  • Length: 9:20
Show
View Real Time Build Order
Export as new Build Order

SLicKcHeeZEE Zerg - Winner!

Build Orders: Hatch First 

Get SALT Encoding   

  6  0:00  Drone  
  9  0:11  Drone  
  10  0:17  Drone  
  11  0:27  Overlord  
  11  0:33  Drone  
  12  0:45  Drone x2  
  14  0:51  Drone  
  15  1:13  Hatchery  
  15  1:16  Drone  
  15  1:19  Drone  
  15  1:23  Drone  
  17  1:37  Spawning Pool  
  16  1:41  Drone  
  16  1:44  Extractor  
  16  1:45  Drone  
  17  1:50  Drone  
  18  2:01  Drone  
  19  2:10  Overlord  
  19  2:24  Queen  
  19  2:25  Queen  
  19  2:28  Zergling x2  
  24  2:35  Drone x2  
  26  2:37  Drone  
  26  2:40  Drone  
  28  2:48  Overlord  
  28  2:51  Metabolic Boost  
  28  2:56  Extractor  
  27  3:03  Roach Warren  
  26  3:15  Drone  
  26  3:17  Drone  
  26  3:19  Drone x2  
  30  3:23  Lair  
  30  3:43  Roach x4  
  30  3:47  Overlord  
  38  3:56  Queen  
  40  4:22  Hydralisk Den  
  40  4:23  Glial Reconstitution  
  39  4:31  Overlord  
  39  4:33  Drone  
  39  4:36  Drone  
  41  4:40  Drone  
  41  4:43  Hatchery  
  41  5:01  Extractor  
  41  5:04  Roach  
  41  5:05  Roach x3  
  41  5:06  Hydralisk  
  50  5:11  Overlord  
  50  5:14  Drone  
  51  5:41  Roach x3  
  51  5:42  Roach  
  52  6:04  Overlord x2  
  52  6:21  Roach x4, Hydralisk  
  52  6:22  Hydralisk x3  
  68  6:29  Grooved Spines  
  68  6:37  Overlord x2  
  56  8:27  Roach x6  
  56  8:28  Roach x3  
Show
View Real Time Build Order
Export as new Build Order

A.I. 1 (Medium) Terran 

Build Orders:  

Get SALT Encoding   

  6  0:00  SCV  
  9  0:13  SCV  
  10  0:25  SCV  
  11  0:37  SCV  
  12  0:46  Supply Depot  
  12  0:49  SCV  
  13  1:08  SCV  
  14  1:14  Barracks  
  14  1:19  Refinery  
  14  1:20  SCV  
  15  1:32  SCV  
  16  1:44  SCV  
  17  1:52  Supply Depot  
  17  1:56  SCV  
  18  2:04  Marine  
  19  2:11  Orbital Command, Barracks  
  19  2:20  Refinery  
  19  2:22  Barracks Tech Lab  
  19  2:40  Marine  
  19  2:43  Supply Depot  
  20  2:58  Marine  
  20  3:01  Marine  
  22  3:07  SCV  
  23  3:16  Marauder  
  23  3:19  Marine, SCV  
  27  3:20  Supply Depot  
  27  3:31  SCV  
  27  3:32  Engineering Bay  
  28  3:37  Marine  
  28  3:40  Marine  
  30  3:43  SCV  
  31  3:54  Marine  
  32  3:56  SCV  
  32  3:58  Marauder  
  35  4:08  SCV  
  36  5:16  Barracks Tech Lab, Reaper, SCV  
  36  5:19  Factory  
  38  5:24  Factory  
  38  5:26  Missile Turret  
  38  5:27  Missile Turret  
  38  5:29  Supply Depot  
  38  5:34  Sensor Tower, Marauder  
  40  5:39  Barracks  
  40  5:45  SCV  
  40  5:47  Bunker  
  40  5:51  Marauder  
  40  5:54  Supply Depot  
  40  5:55  Marine  
  37  5:57  SCV  
  33  6:11  Marine  
  33  6:12  Starport, Factory Tech Lab  
  33  6:13  Factory Tech Lab  
  33  6:15  Marine  
  35  6:22  Armory, Command Center  
  35  6:26  Barracks Reactor  
  35  6:29  Marine  
  36  6:33  Marauder  
  38  6:47  Marine  
  38  6:51  Starport Tech Lab  
  39  6:54  Reaper  
  39  7:05  Marine  
  39  7:08  Marine  
  41  7:09  Raven  
  43  7:16  Marine  
  44  7:26  Marauder  
  46  7:33  Hellion  
  46  7:34  SCV  
  43  7:37  SCV  
  43  7:40  Hellion  
  43  7:43  Raven  
  36  7:46  SCV  
  36  7:47  Marauder  
  36  7:49  SCV  
  39  7:54  Marine  
  35  7:58  SCV  
  35  8:01  Marine, SCV  
  38  8:09  Hellion  
  38  8:10  SCV  
  29  8:13  SCV  
  29  8:16  Hellion  
  30  8:23  Viking  
  29  8:31  Reaper  
  23  8:40  Marauder  
  17  8:46  SCV  
Tags
 
Add a new tag
Caveats
  • Supply blocks, unpowered buildings, or Contaminate may cause inaccurate times.
  • Supply counts are checked every 10 seconds.